 Dungeon Crawl Stone Soup version 0.32-a0-558-g233958a4c4 (webtiles) character file.

Game seed: 12327405058884139460

391463 Denfromweb the Devastator (level 22, -5/165 HPs)
             Began as a Demonspawn Alchemist on Feb 29, 2024.
             Was the Champion of Vehumet.
             Killed by divine providence
             ... invoked by Saint Roka
              (25 damage)
             ... on level 1 of the Depths.
             The game lasted 01:50:49 (60456 turns).

Denfromweb the Devastator (Demonspawn Alchemist)   Turns: 60456, Time: 01:50:50

Health: -5/165     AC: 13    Str: 10    XL:     22   Next: 10%
Magic:  38/42      EV: 24    Int: 42    God:    Vehumet [******]
Gold:   1223       SH:  0    Dex: 22    Spells: 12/53 levels left

rFire   + + .        A - staff of conjuration
rCold   . . .        (no shield)
rNeg    . . .        Z - +4 robe of Folly {Brill Will-∞ Int+8}
rPois   .            (helmet unavailable)
rElec   .            b - scarf {rC+ rF+}
rCorr   .            q - +1 pair of gloves {Dex+3}
SInv    +            C - +2 pair of boots "Kapudghoa" {Dex+5}
Will    .....        p - amulet of magic regeneration
Stlth   +            m - ring "Pidgheth" {Fire Int+3 Slay+5 Stlth-}
HPRegen 0.47/turn    M - +6 ring of intelligence
MPRegen 0.68/turn

%: no passive effects
@: fragile (+50% incoming damage), very slightly contaminated
A: antennae 3, repulsion field 2, demonic guardian 3, spiny 3, bedeviling,
MP-powered wands
}: 2/15 runes: decaying, gossamer
a: Renounce Religion


You were on level 1 of the Depths.
You worshipped Vehumet.
Vehumet was exalted by your worship.
You visited 10 branches of the dungeon, and saw 40 of its levels.
You also visited: Wizlab.

You collected 4644 gold pieces.
You spent 3421 gold pieces at shops.

Inventory:

Missiles
 E - a throwing net
Armour
 b - a scarf of resistance (worn)
 f - +10 pearl dragon scales
 q - a +1 pair of gloves of dexterity (worn)
 C - the +2 pair of boots "Kapudghoa" (worn) {Dex+5}
   (You found it in a wizard's laboratory)

   Dex+5:     It affects your dexterity (+5).
 Z - the +4 robe of Folly (worn) {Brill Will-∞ Int+8}
   (You bought it in a shop on level 3 of the Elven Halls)

   Brill:     It increases the power of your magical spells and halves their MP
   cost (rounding up).
   Will-∞: It reduces your willpower to zero.
   Int+8:     It affects your intelligence (+8).
Magical Staves
 A - a staff of conjuration (weapon)
Jewellery
 m - the ring "Pidgheth" (left hand) {Fire Int+3 Slay+5 Stlth-}
   (You found it in a wizard's laboratory)

   [ring of fire]

   Fire:      It enhances your fire magic.
   Int+3:     It affects your intelligence (+3).
   Slay+5:    It affects your accuracy & damage with ranged weapons and melee
   (+5).
   rF+:       It protects you from fire.
   rC-:       It makes you vulnerable to cold.
   Stlth-:    It makes you less stealthy.
 n - a ring of willpower
 p - an amulet of magic regeneration (around neck)
 G - a ring of flight
 M - a +6 ring of intelligence (right hand)
Wands
 r - a wand of paralysis (33)
 u - a wand of iceblast (48)
 z - a wand of polymorph (33)
 H - a wand of digging (20)
 K - a wand of mindburst (15)
 O - a wand of flame (3)
 Y - a wand of quicksilver (31)
Scrolls
 c - 4 scrolls of fog
 k - 8 scrolls of noise
 s - 6 scrolls of immolation
 t - a scroll of revelation
 v - 4 scrolls of amnesia
 x - a scroll of torment
 B - 9 scrolls of enchant weapon
 D - 6 scrolls of poison
 I - a scroll of enchant armour
 J - 6 scrolls of teleportation
 N - a scroll of silence
 P - 3 scrolls of butterflies
 S - 4 scrolls of vulnerability
 U - 3 scrolls of brand weapon
Potions
 a - 3 potions of mutation
 d - a potion of berserk rage
 e - 5 potions of enlightenment
 g - 2 potions of cancellation
 h - 2 potions of invisibility
 i - a potion of heal wounds
 j - 6 potions of might
 l - 10 potions of ambrosia
 o - 7 potions of curing
 w - 8 potions of brilliance
 F - 5 potions of haste
 T - 3 potions of resistance
 V - 5 potions of attraction
 X - 5 potions of lignification
Miscellaneous
 L - a phantom mirror
 R - a phial of floods


   Skills:
 - Level 12.0 Fighting
 - Level 13.3 Armour
 - Level 12.0 Dodging
 - Level 1.7 Stealth
 + Level 16.1 Spellcasting
 + Level 16.7 Conjurations
 + Level 16.1 Fire Magic
 + Level 16.1 Air Magic
 - Level 10.0 Alchemy


You had 12 spell levels left.
You knew the following spells:

 Your Spells              Type           Power      Damage    Failure   Level
a - Orb of Destruction    Conj           78%        9d18      1%          7
b - Plasma Beam           Fire/Air       77%        2x1d95    1%          6
c - Chain Lightning       Conj/Air       78%        3d104     24%         9
d - Fire Storm            Conj/Fire      91%        8d23      24%         9
k - Blink                 Tloc           100%       N/A       1%          2
m - Maxwell's Capacitive  Air            65%        ∞         1%          8

Your spell library contained the following spells:

 Spells                   Type           Power      Damage    Failure   Level
 Polar Vortex             Ice            25%        12d3*     100%        9
 Foxfire                  Conj/Fire      100%       2x1d9     0%          1
 Magic Dart               Conj           100%       1d8       0%          1
 Shock                    Conj/Air       100%       1d9       0%          1
 Sting                    Conj/Alch      100%       1d9       0%          1
 Mercury Vapours          Alch/Air       100%       N/A       0%          2
 Searing Ray              Conj           100%       2d8       0%          2
 Static Discharge         Conj/Air       100%       3-8/arc   0%          2
 Mephitic Cloud           Conj/Alch/Air  100%       N/A       0%          3
 Swiftness                Air            100%       N/A       0%          3
 Airstrike                Air            65%        2d(10-26) 0%          4
 Kiss of Death            Conj/Necr      100%       2d13      1%          1
 Summon Small Mammal      Summ           100%       N/A       1%          1
 Call Imp                 Summ           100%       N/A       1%          2
 Ensorcelled Hibernation  Hex/Ice        100%       N/A       1%          2
 Lesser Beckoning         Tloc           100%       N/A       1%          2
 Momentum Strike          Conj/Tloc      100%       3d10      1%          2
 Hailstorm                Conj/Ice       100%       3d16      1%          3
 Fulminant Prism          Conj/Alch      73%        3d30      1%          4
 Iskenderun's Mystic Bla  Conj/Tloc      100%       2d19      1%          4
 Olgreb's Toxic Radiance  Alch           100%       N/A       1%          4
 Sticky Flame             Fire/Alch      100%       2d15      1%          4
 Summon Blazeheart Golem  Fire/Summ      100%       N/A       1%          4
 Summon Lightning Spire   Summ/Air       100%       N/A       1%          4
 Arcjolt                  Conj/Air       78%        1d88      1%          5
 Freezing Cloud           Conj/Ice/Air   68%        6-21      1%          5
 Yara's Violent Unravell  Hex/Alch       53%        3d20      1%          5
 Eringya's Noxious Bog    Alch           54%        4d6       1%          6
 Call Canine Familiar     Summ           50%        N/A       2%          3
 Ozocubu's Armour         Ice            50%        N/A       2%          3
 Passwall                 Erth           50%        N/A       2%          3
 Summon Ice Beast         Ice/Summ       50%        N/A       2%          3
 Tukima's Dance           Hex            66%        N/A       2%          3
 Lee's Rapid Deconstruct  Erth           25%        3d14*     6%          5
 Spellforged Servitor     Conj/Summ      62%        N/A       6%          7
 Animate Armour           Summ/Erth      100%       N/A       9%          4
 Dimensional Bullseye     Hex/Tloc       33%        N/A       9%          4
 Manifold Assault         Tloc           50%        N/A       9%          4
 Passage of Golubria      Tloc           50%        N/A       9%          4
 Sculpt Simulacrum        Ice/Alch       42%        N/A       16%         6
 Metabolic Englaciation   Hex/Ice        33%        N/A       22%         5
 Summon Forest            Summ/Tloc      25%        N/A       22%         5
 Summon Mana Viper        Hex/Summ       66%        N/A       22%         5
 Dispersal                Tloc           25%        N/A       77%         6
 Monstrous Menagerie      Summ           25%        N/A       100%        7
 Summon Hydra             Summ           25%        N/A       100%        7
 Disjunction              Tloc           25%        N/A       100%        8
 Shatter                  Erth           25%        3d21*     100%        9


Dungeon Overview and Level Annotations

Branches:
Dungeon (15/15)            Temple (1/1) D:5            Lair (5/5) D:9
  Swamp (4/4) Lair:3       Spider (4/4) Lair:3        Slime (0/5) Lair:4
    Orc (2/2) D:10            Elf (3/3) Orc:2        Vaults (4/5) D:13
  Crypt (1/3) Vaults:2     Depths (1/4) D:15         WizLab (visited)

Altars:
Ashenzari
Cheibriados
Dithmenos
Fedhas
Gozag
Hepliaklqana
Kikubaaqudgha
Makhleb
Nemelex Xobeh
Okawaru
Qazlal
Ru
Sif Muna
Trog
Uskayaw
Vehumet
Wu Jian
Xom
Yredelemnul
Beogh
Jiyva

Shops:
D:6 *   D:7 (   D:9 [   Orc:2 ([(:   Elf:1 *   Elf:2 ([*   Elf:3 [[(
Vaults:1 =   Vaults:2 :

Annotations:
D:15 2 transporters
Swamp:2 2 transporters, gosagan's ghost, adept VSWn
Spider:3 2 transporters, Plog's ghost, adept TrFi
Depths:1 Saint Roka


Innate Abilities, Weirdness & Mutations

You have a pair of large antennae on your head. (SInv)
You are surrounded by a moderate repulsion field. (EV +3)
A powerful demonic guardian rushes to your aid.
You are completely covered in sharp spines.
Your hexes are more powerful.
You expend magic power (3 MP) to strengthen your wands.


Message History

Confirm with . or Enter, or press ? or * to list all spells.
Aiming: Fire Storm (dangerous; 24% risk of failure)
Press: ? - help, Dir - move target
Okay, then.
Casting: Fire Storm (dangerous; 24% risk of failure)
Confirm with . or Enter, or press ? or * to list all spells.
You feel a strong surge of power! Lightning arcs from your hands!
The bolt of lightning hits the jiangshi!!!!!
You destroy the jiangshi!
Vehumet accepts your kill.
You feel your power returning. The bolt of lightning hits you!
The bolt of lightning hits the vampire mage!!!!
You destroy the vampire mage!
Vehumet accepts your kill.
You feel your power returning.
The bolt of lightning hits the glass eye!!!
You kill the glass eye!
Vehumet accepts your kill.
You feel your power returning.
You hear a shout!
You hear an angry buzzing noise.
You hear a horrible gurgling sound!
You hear a shout! x3
The orc knight roars a battlecry!
Saint Roka goes into a battle-frenzy!
Casting: Chain Lightning (dangerous; 24% risk of failure)
Confirm with . or Enter, or press ? or * to list all spells.
Aiming: Fire Storm (dangerous; 24% risk of failure)
Press: ? - help, Dir - move target, f - Saint Roka
Aim: Saint Roka, wielding a +0 battleaxe and wearing a +0 plate armour (strong)
You feel a huge surge of power!
You miscast Fire Storm.
You are very lightly contaminated with residual magic.
You are caught in a violent explosion!!
The ice dragon breathes frost at you. The blast of cold hits you!!!
* * * LOW HITPOINT WARNING * * *
A demonic guardian appears!
An orc priest comes into view. It is wielding a +0 club.
Saint Roka mumbles some strange prayers to Beogh against you.
Beogh smites you!
You die...
Saint Roka roars, "Praise to Beogh!"

....#####.o....
....#####......
#....###..[....
#..........o...
#........D..o..
...............
....)..........
.(.....@.......
Q[............[
.....1.........
......[).......
....)..........
..............#
.............##
.........)..##


You could see Saint Roka (strong), an ice dragon (catching breath), a tengu
reaver (repels missiles, ally target), an orc knight (strong), an orc priest
(strong) and a friendly Hell Sentinel (summoned).

Vanquished Creatures
  Nikola (Swamp:2)
  Arachne (Spider:2)
  An electric golem (WizLab)
  Rupert (D:15)
  Jorgrun (D:14)
  Zenata (Elf:2)
  2 deep elf master archers (Elf:3)
  2 deep elf blademasters (Elf:3)
  An ancient champion (Crypt:1)
  Kirke (D:15)
  Gastronok (D:9)
  2 thorn hunters (Swamp:2)
  The ghost of Xonepos the Protected, an adept MiFi of Yredelemnul (Swamp:4)
  A tengu reaver (Vaults:2)
  A revenant (Crypt:1)
  Roxanne (Spider:3)
  3 fenstrider witches
  Aizul (Spider:2)
  2 fire giants (WizLab)
  9 vault wardens
  2 frost giants
  3 emperor scorpions
  4 deep elf elementalists
  4 deep elf sorcerers (Elf:3)
  16 ironbound preservers
  Louise (D:15)
  6 ghouls
  3 stone giants
  7 broodmothers
  2 orc warlords
  4 very ugly things
  A formless jellyfish (Vaults:3)
  12 ironbound thunderhulks
  7 deep elf death magi (Elf:3)
  4 eleionomae
  7 deep elf annihilators (Elf:3)
  Azrael (Elf:2)
  6 deep elf demonologists (Elf:3)
  4 bunyips
  16 dire elephants
  A war gargoyle (WizLab)
  5 spark wasps
  2 eidola (Crypt:1)
  Snorg (Orc:2)
  6 entropy weavers
  3 ettins
  3 deep elf high priests
  A fire dragon (Lair:5)
  5 jiangshi
  7 yaktaur captains
  A rakshasa (D:13)
  12 great orbs of eyes
  A spriggan zombie (Crypt:1)
  3 crystal guardians (WizLab)
  7 peacekeepers (WizLab)
  3 ironbound frosthearts
  A salamander tyrant (WizLab)
  10 hydras
  An ogre mage (Vaults:4)
  An entropy weaver (shapeshifter) (D:15)
  6 ice dragons
  5 jorogumos
  A quicksilver dragon skeleton (Crypt:1)
  2 ghost crabs
  16 vault guards
  2 catoblepae
  7 alligators
  8 centaur warriors
  31 dancing weapons
  3 boulder beetles
  4 radroaches
  2 death knights
  9 two-headed ogres
  3 vampire magi
  5 tengu warriors
  8 demonic crawlers
  4 orc high priests (Orc:2)
  2 occultists (D:15)
  5 spriggans
  3 death yaks
  19 deep elf knights
  2 soul eaters (Crypt:1)
  A titan skeleton (Crypt:1)
  Nergalle (D:12)
  6 skeletal warriors
  9 pharaoh ants
  34 deep trolls
  2 skysharks
  5 spriggan druids
  10 arcanists
  4 goliath frogs
  A flayed ghost (Crypt:1)
  5 swamp dragons
  6 orb spiders
  15 orc knights
  6 thermic dynamos
  A sun moth (Spider:4)
  10 bog bodies
  A tengu zombie (Vaults:2)
  7 steelbarb worms
  3 phantasmal warriors
  4 lindwurms
  12 deep elf archers
  2 bunyip skeletons (Crypt:1)
  31 deep elf zephyrmancers
  A golden dragon skeleton (Vaults:4)
  22 ironbound convokers
  33 deep elf pyromancers
  2 lightning spires (WizLab)
  A stone giant zombie (Vaults:2)
  19 ugly things
  7 necromancers
  6 orc sorcerers
  6 cyclopes
  A frost giant zombie (Vaults:1)
  4 manticores
  5 kobold blastminers
  14 wolf spiders
  6 moths of wrath
  5 will-o-the-wisps
  19 vault sentinels
  6 meliai (Spider:3)
  A stone giant skeleton (Vaults:4)
  A dire elephant zombie (Crypt:1)
  A molten gargoyle (WizLab)
  4 black mambas
  7 gargoyles
  An iron dragon skeleton (Crypt:1)
  9 elephants
  2 human skeletons
  A cane toad (shapeshifter) (D:12)
  2 torpor snails
  14 cane toads
  An ice statue (D:12)
  A death yak zombie (Crypt:1)
  A naga skeleton (Crypt:1)
  A komodo dragon (shapeshifter) (Vaults:4)
  10 komodo dragons
  A tengu conjurer (D:15)
  8 freezing wraiths
  A yaktaur zombie (Vaults:2)
  A rime drake (shapeshifter) (D:14)
  10 rime drakes
  29 yaktaurs
  4 ice devils (D:12)
  An efreet (D:15)
  4 trolls
  A troll (shapeshifter) (D:13)
  3 bloated husks
  4 harpy skeletons (Crypt:1)
  20 tarantellas
  5 hornets
  9 tyrant leeches
  A hydra zombie (Crypt:1)
  2 glass eyes
  A raiju (shapeshifter) (Elf:3)
  20 dream sheep
  17 blink frogs
  A fire giant simulacrum (Vaults:2)
  3 air elementals
  32 jumping spiders
  28 slime creatures
  3 elf zombies
  4 wraiths
  26 culicivoras
  A fire bat (Orc:2)
  7 wyverns
  3 water elementals
  2 vampires
  7 fire elementals
  A shadow (D:11)
  A wind drake zombie (Crypt:1)
  35 yaks
  3 wargs
  3 hogs (D:15)
  4 basilisks
  6 steam dragons
  60 redbacks
  4 swamp worm simulacra (Swamp:4)
  3 humans (D:15)
  14 vampire mosquitoes
  A glowing shapeshifter zombie (Vaults:1)
  4 acid dragons
  15 swamp worms
  Duvessa (D:6)
  14 hydra simulacra (Swamp:4)
  2 hell hounds (Elf:2)
  13 water moccasins
  7 swamp drakes
  A sky beast (D:7)
  18 orc warriors
  2 human zombies
  3 black bears
  5 boggarts (Vaults:1)
  2 ice beasts
  A sky beast (shapeshifter) (Elf:3)
  9 wolves
  2 centaurs (D:9)
  A phantom (D:5)
  11 ogres
  A rime drake zombie (Crypt:1)
  9 earth elementals
  A gnoll sergeant (D:7)
  6 scorpions
  8 bullfrogs
  A salamander skeleton (Crypt:1)
  5 wights (D:8)
  Dowan (D:6)
  32 killer bees
  4 electric eels
  3 howler monkeys
  A bombardier beetle (D:5)
  20 orc priests
  6 hounds (D:5)
  A jelly (D:5)
  6 iguanas
  30 orc wizards
  A hell rat (Lair:5)
  10 gnolls
  5 adders
  A shadow imp (D:8)
  2 ufetubi (D:6)
  4 swamp drake simulacra (Swamp:4)
  6 dart slugs
  2 ribbon worms
  59 orcs
  9 endoplasms
  7 giant cockroaches
  8 goblins
  12 hobgoblins
  7 jackals
  2 quokkas
  4 ball pythons
  4 bats (D:2)
  An endoplasm zombie (Crypt:1)
  4 frilled lizards
  2 kobolds
  4 rats (D:1)
1549 creatures vanquished.

Vanquished Creatures (collateral kills)
  A fire giant (WizLab)
  A deep elf elementalist (Elf:3)
  An orc warlord (Orc:1)
  A stone giant (Depths:1)
  An ironbound thunderhulk (WizLab)
  A salamander tyrant (WizLab)
  A dancing weapon (Elf:2)
  2 centaur warriors (Vaults:3)
  A two-headed ogre (D:12)
  2 deep elf knights
  A deep troll (Vaults:3)
  A spriggan druid (Swamp:3)
  A deep elf pyromancer (Elf:1)
  An elephant (Lair:5)
  2 cane toads (Lair:2)
  A yaktaur (D:15)
  A dream sheep (Lair:5)
  2 fire bats (Orc:2)
  2 yaks (D:10)
  An iguana (D:3)
  A quokka (D:3)
26 creatures vanquished.

Vanquished Creatures (others)
  A bunyip (Swamp:3)
  A deep elf pyromancer (Elf:1)
  A will-o-the-wisp (Swamp:3)
  A bloated husk (Swamp:3)
  6 fire vortices (Depths:1)
  16 foxfires
26 creatures vanquished.

Grand Total: 1601 creatures vanquished

Notes
Turn   | Place    | Note
-------+----------+-------------------------------------------
     0 | D:1      | Denfromweb the Demonspawn Alchemist began the quest for the
                  | Orb.
     0 | D:1      | Reached XP level 1. HP: 13/13 MP: 3/3
   178 | D:1      | Gained mutation: You are partially covered in sharp spines.
                  | [demonic ancestry]
   178 | D:1      | Reached XP level 2. HP: 10/19 MP: 0/5
  1330 | D:2      | Reached XP level 3. HP: 24/24 MP: 4/7
  1374 | D:2      | You fall into a shaft and drop 1 floor!
  1918 | D:2      | Found an ancient bone altar of Kikubaaqudgha.
  2011 | D:2      | Found a faded altar of an unknown god.
  2090 | D:2      | Gained mutation: A weak demonic guardian rushes to your
                  | aid. [demonic ancestry]
  2090 | D:2      | Reached XP level 4. HP: 30/30 MP: 5/8
  2095 | D:2      | Learned a level 4 spell: Olgreb's Toxic Radiance
  2100 | D:2      | Learned a level 4 spell: Sticky Flame
  2449 | D:3      | Found a blossoming altar of Fedhas.
  2451 | D:3      | Identified the +3 leather armour "Rufiguo" {Regen+}
  3009 | D:4      | Reached skill level 1 in Fire Magic
  3009 | D:4      | Reached XP level 5. HP: 35/35 MP: 5/10
  3633 | D:4      | Reached skill level 5 in Alchemy
  3948 | D:4      | Reached XP level 6. HP: 40/41 MP: 3/11
  4038 | D:4      | Noticed a water moccasin
  4045 | D:4      | Killed a water moccasin
  4287 | D:5      | Entered Level 5 of the Dungeon
  4574 | D:5      | Reached XP level 7. HP: 43/46 MP: 4/13
  4875 | D:5      | Found a staircase to the Ecumenical Temple.
  4953 | Temple   | Entered the Ecumenical Temple
  5022 | Temple   | Became a worshipper of Vehumet
  5307 | D:5      | Reached XP level 8. HP: 52/52 MP: 7/15
  5310 | D:5      | Reached skill level 5 in Spellcasting
  5749 | D:6      | Identified the +1 leather armour of Sif Muna's Favour
                  | {Str+3 Dex-5}
  6105 | D:6      | Found Vuengon's Gadget Gallery.
  6355 | D:6      | Noticed Duvessa
  6358 | D:6      | Noticed Dowan
  6364 | D:6      | Killed Duvessa
  6365 | D:6      | Killed Dowan
  6838 | D:7      | Reached XP level 9. HP: 51/57 MP: 8/17
  6849 | D:7      | Reached skill level 5 in Fire Magic
  7001 | D:7      | Found a hide-covered altar of Uskayaw.
  7001 | D:7      | Found a sparkling altar of Nemelex Xobeh.
  7326 | D:7      | Reached * piety under Vehumet
  7326 | D:7      | Offered knowledge of Magic Dart by Vehumet.
  7569 | D:7      | Found Etabolem's Antique Weapon Shop.
  7715 | D:8      | Reached skill level 10 in Alchemy
  7829 | D:8      | Identified the +2 leather armour "Abom" {rF+ Stlth+}
  8314 | D:8      | Noticed a two-headed ogre
  8321 | D:8      | Killed a two-headed ogre
  8322 | D:8      | Gained mutation: You have a pair of small antennae on your
                  | head. [demonic ancestry]
  8322 | D:8      | Reached XP level 10. HP: 10/63 MP: 12/22
  8751 | D:9      | Noticed Gastronok
  8771 | D:9      | Killed Gastronok
  8772 | D:9      | Reached skill level 10 in Spellcasting
  8952 | D:9      | Reached ** piety under Vehumet
  8962 | D:9      | Offered knowledge of Searing Ray by Vehumet.
  9081 | D:9      | Found a staircase to the Lair.
  9194 | D:9      | Found Nacaim's Armour Emporium.
  9411 | D:9      | Found a bloodstained altar of Trog.
  9688 | D:10     | Entered Level 10 of the Dungeon
  9779 | D:10     | Found a staircase to the Orcish Mines.
 10131 | D:10     | Reached skill level 5 in Fighting
 10131 | D:10     | Reached skill level 5 in Dodging
 10295 | D:10     | Gained mutation: You are surrounded by a mild repulsion
                  | field. (EV +2) [demonic ancestry]
 10295 | D:10     | Reached XP level 11. HP: 66/79 MP: 16/25
 11125 | D:11     | Offered knowledge of Scorch by Vehumet.
 11523 | D:11     | Noticed a two-headed ogre
 11532 | D:11     | Killed a two-headed ogre
 11791 | D:11     | Reached *** piety under Vehumet
 12083 | D:12     | Noticed Nergalle
 12090 | D:12     | Killed Nergalle
 12177 | D:12     | Noticed a two-headed ogre
 12182 | D:12     | Killed a two-headed ogre
 12275 | D:12     | Noticed a two-headed ogre
 12275 | D:12     | Noticed a purple ugly thing
 12287 | D:12     | Killed a two-headed ogre
 12299 | D:12     | Killed a purple ugly thing
 12361 | D:12     | Noticed an arcanist
 12371 | D:12     | Noticed an arcanist
 12378 | D:12     | Noticed a deep elf knight
 12485 | D:12     | Noticed an arcanist
 12495 | D:12     | Killed an arcanist
 12498 | D:12     | Killed a deep elf knight
 12504 | D:12     | Killed an arcanist
 12505 | D:12     | Killed an arcanist
 12724 | D:12     | Noticed a skeletal warrior
 12724 | D:12     | Noticed a skeletal warrior
 12724 | D:12     | Noticed a skeletal warrior
 12831 | Lair:1   | Entered Level 1 of the Lair of Beasts
 12831 | Lair:1   | Noticed a boulder beetle
 12839 | Lair:1   | Killed a boulder beetle
 12840 | Lair:1   | Reached XP level 12. HP: 64/95 MP: 7/26
 13047 | Lair:1   | Offered knowledge of Airstrike by Vehumet.
 14378 | Lair:2   | Noticed a death yak
 14378 | Lair:2   | Noticed a death yak
 14378 | Lair:2   | Noticed a death yak
 14387 | Lair:1   | Killed a death yak
 14442 | Lair:2   | Noticed a catoblepas
 14452 | Lair:1   | Killed a catoblepas
 14453 | Lair:1   | Reached skill level 10 in Fighting
 14501 | Lair:2   | Reached skill level 10 in Dodging
 14633 | Lair:2   | Identified the +6 flail of Quorucoh {spect, rN+ Str+5
                  | Dex-4}
 15042 | Lair:2   | Killed a death yak
 15048 | Lair:2   | Killed a death yak
 15186 | Lair:2   | Identified the +6 halberd of Inquiry {venom, rC- rCorr
                  | Int+6}
 15197 | Lair:2   | Reached **** piety under Vehumet
 15381 | Lair:2   | Noticed a seven-headed hydra
 15465 | Lair:2   | Offered knowledge of Frozen Ramparts by Vehumet.
 15523 | Lair:2   | Killed a seven-headed hydra
 16197 | Lair:3   | Gained mutation: You are mostly covered in sharp spines.
                  | [demonic ancestry]
 16197 | Lair:3   | Reached XP level 13. HP: 100/105 MP: 17/27
 16399 | Lair:3   | Found a hole to the Spider Nest.
 17318 | Lair:3   | Found a staircase to the Swamp.
 17683 | Lair:4   | Reached ***** piety under Vehumet
 17687 | Lair:4   | Offered knowledge of Freezing Cloud by Vehumet.
 17696 | Lair:4   | Learned a level 5 spell: Freezing Cloud
 18119 | Lair:4   | Found a staircase to the Slime Pits.
 18119 | Lair:4   | Found a viscous altar of Jiyva.
 18208 | Lair:4   | Identified the +1 pair of boots of Fidoata {*Corrode rC+++
                  | Str+2}
 18638 | Lair:5   | Entered Level 5 of the Lair of Beasts
 18907 | Lair:5   | Reached skill level 1 in Air Magic
 19025 | Lair:5   | Gained mutation: A demonic guardian rushes to your aid.
                  | [demonic ancestry]
 19025 | Lair:5   | Reached XP level 14. HP: 106/115 MP: 28/30
 19549 | Lair:5   | Reached skill level 5 in Conjurations
 19736 | Lair:5   | Offered knowledge of Spellforged Servitor by Vehumet.
 20182 | Lair:5   | Reached skill level 5 in Air Magic
 20457 | Lair:5   | Identified the +9 chain mail of the Hanged Man {rN+}
 21876 | Orc:1    | Entered Level 1 of the Orcish Mines
 22448 | Orc:1    | Noticed an orc warlord
 22587 | Orc:1    | Killed an orc warlord
 22878 | Orc:2    | Entered Level 2 of the Orcish Mines
 22920 | Orc:2    | Found a staircase to the Elven Halls.
 22923 | Orc:2    | Noticed Snorg
 22931 | Orc:2    | Killed Snorg
 23095 | Orc:2    | Found a radiant altar of Vehumet.
 23177 | Orc:2    | Found a roughly hewn altar of Beogh.
 23319 | Orc:2    | Found Idenk's Book Emporium.
 23328 | Orc:2    | Paralysed by an orc sorcerer for 4 turns
 23350 | Orc:2    | Offered knowledge of Plasma Beam by Vehumet.
 23358 | Orc:2    | Learned a level 6 spell: Plasma Beam
 23556 | Orc:2    | Found a roughly hewn altar of Beogh.
 24677 | Orc:2    | Found Fageun's Armour Shop.
 24682 | Orc:2    | Paralysed by an orc sorcerer for 4 turns
 24805 | Orc:2    | Found Tankuf's Antique Weapon Shop.
 24807 | Orc:2    | Found Xoily's Antique Weapon Emporium.
 24966 | D:9      | Bought +2 pearl dragon scales for 1517 gold pieces
 25242 | D:11     | Reached skill level 1 in Armour
 25242 | D:11     | Gained mutation: You are surrounded by a moderate repulsion
                  | field. (EV +3) [demonic ancestry]
 25242 | D:11     | Reached XP level 15. HP: 67/120 MP: 13/31
 26419 | D:13     | Found a gate to the Vaults.
 28192 | D:14     | Noticed Jorgrun
 28201 | D:14     | Killed Jorgrun
 28396 | D:14     | Offered knowledge of Arcjolt by Vehumet.
 28661 | D:15     | Entered Level 15 of the Dungeon
 28735 | D:15     | Found a transporter.
 28736 | D:15     | Found a transporter.
 28736 | D:15     | Found a transporter.
 28745 | D:15     | Found a sparkling altar of Nemelex Xobeh.
 28745 | D:15     | Noticed a juggernaut
 28746 | D:15     | Found a transporter.
 28746 | D:15     | Found a transporter.
 28750 | D:15     | Found a transporter.
 28781 | D:15     | Noticed Rupert
 28784 | D:15     | Noticed Kirke
 28784 | D:15     | Paralysed by Rupert for 5 turns
 28794 | D:15     | Killed Rupert
 28797 | D:15     | Killed Kirke
 28932 | D:15     | Found an iron altar of Okawaru.
 29089 | D:15     | Found a staircase to the Depths.
 29095 | D:15     | Reached skill level 10 in Conjurations
 29097 | D:15     | Reached ****** piety under Vehumet
 29178 | D:15     | Noticed Louise
 29192 | D:15     | Killed Louise
 29505 | D:15     | Learned a level 5 spell: Arcjolt
 29924 | D:15     | Identified the ring of Pujuuff {rC+ rN++ Str+6}
 30147 | Spider:1 | Entered Level 1 of the Spider Nest
 30375 | Spider:1 | Noticed an emperor scorpion
 30383 | Spider:1 | Killed an emperor scorpion
 30384 | Spider:1 | Reached skill level 5 in Armour
 30465 | Spider:1 | Identified the serpent talisman of the Game of Kings
                  | {Dex+5}
 30465 | Spider:1 | Noticed Aizul
 30888 | Spider:1 | Identified the +1 short sword "Ifeam" {pain, rF+ rC+}
 31838 | Spider:2 | Reached XP level 16. HP: 127/127 MP: 20/32
 31997 | Spider:2 | Noticed Arachne
 32112 | Spider:2 | Offered knowledge of Iskenderun's Battlesphere by Vehumet.
 32456 | Spider:2 | Killed Aizul
 32824 | Spider:2 | Killed Arachne
 32825 | Spider:2 | Reached skill level 10 in Air Magic
 33474 | Spider:3 | Got Dabbling in Spellweaving
 34224 | Spider:3 | Found a transporter.
 34226 | Spider:3 | Noticed Plog's ghost (adept TrFi)
 34343 | Spider:3 | Noticed Roxanne
 34658 | Spider:3 | Found a transporter.
 34877 | Spider:3 | Offered knowledge of Bombard by Vehumet.
 35175 | Spider:3 | Learned a level 7 spell: Orb of Destruction
 35178 | Spider:3 | Learned a level 2 spell: Blink
 35403 | Spider:3 | Killed Roxanne
 35487 | Spider:4 | Entered Level 4 of the Spider Nest
 37263 | Spider:4 | Gained mutation: Your hexes are more powerful. [demonic
                  | ancestry]
 37263 | Spider:4 | Reached XP level 17. HP: 64/133 MP: 12/33
 37331 | Spider:4 | Offered knowledge of Lehudib's Crystal Spear by Vehumet.
 37739 | Spider:4 | Reached skill level 10 in Fire Magic
 38352 | Spider:4 | Got a gossamer rune of Zot
 38791 | Vaults:1 | Entered Level 1 of the Vaults
 39278 | Vaults:1 | Reached skill level 10 in Armour
 39481 | Vaults:1 | Found Feipublawn's Jewellery Shop.
 39487 | Vaults:1 | Bought a +6 ring of intelligence for 360 gold pieces
 40132 | Vaults:1 | Offered knowledge of Shatter by Vehumet.
 40132 | Vaults:1 | Offered knowledge of Polar Vortex by Vehumet.
 40132 | Vaults:1 | Offered knowledge of Maxwell's Capacitive Coupling by
                  | Vehumet.
 41127 | Swamp:1  | Entered Level 1 of the Swamp
 41310 | Swamp:1  | Gained mutation: A powerful demonic guardian rushes to your
                  | aid. [demonic ancestry]
 41310 | Swamp:1  | Reached XP level 18. HP: 140/140 MP: 23/34
 41783 | Swamp:1  | Identified the +11 long sword of the Wizarding Jester
                  | {venom, +Blink rElec Dex+3}
 42092 | Swamp:2  | Noticed gosagan's ghost (adept VSWn)
 42107 | Swamp:2  | You fall into a shaft and drop 1 floor!
 42540 | Swamp:2  | Noticed Nikola
 42544 | Swamp:2  | Killed Nikola
 42631 | Swamp:2  | Identified the +3 battleaxe "Suhu" {holy, rF+}
 42753 | Swamp:2  | Found a transporter.
 42757 | Swamp:2  | Found a transporter.
 42758 | Swamp:2  | Found a bloodstained altar of Trog.
 43823 | Swamp:4  | Entered Level 4 of the Swamp
 44803 | Swamp:4  | Found a runed translucent door.
 44804 | Swamp:4  | Noticed Xonepos's ghost (adept MiFi)
 44981 | Swamp:4  | Got a decaying rune of Zot
 45212 | Swamp:4  | Found the +0 mask of the Dragon {Will+ Slay+3 SInv}
 45219 | Swamp:4  | Killed Xonepos's ghost
 45260 | Swamp:4  | Identified the +7 arbalest "Ufuikhum" {antimagic, SInv}
 45261 | Swamp:4  | Identified the +8 rapier "Ydoid" {elec, +Blink rC- SInv
                  | Stlth+}
 46251 | Vaults:2 | Found Haedghiocw's Book Boutique.
 46373 | Vaults:2 | You fall into a shaft and drop 2 floors!
 46444 | Vaults:4 | Gained mutation: You have a pair of antennae on your head.
                  | [demonic ancestry]
 46444 | Vaults:4 | Reached XP level 19. HP: 61/146 MP: 23/36
 46857 | Vaults:3 | Paralysed by a formless jellyfish for 1 turns
 48736 | Vaults:2 | Found a staircase to the Crypt.
 49429 | Vaults:4 | Reached XP level 20. HP: 153/153 MP: 23/38
 50425 | Vaults:4 | Learned a level 9 spell: Chain Lightning
 50435 | Vaults:4 | Learned a level 9 spell: Fire Storm
 50780 | Elf:1    | Entered Level 1 of the Elven Halls
 50962 | Elf:1    | Paralysed by an air elemental for 1 turns
 50997 | Elf:1    | Found Quojin's Assorted Antiques.
 51005 | Elf:1    | Bought a silver ring for 120 gold pieces
 51350 | Elf:1    | Identified the +5 scimitar of Fear {drain, rElec MP-9
                  | Str+3}
 52187 | Elf:2    | Noticed Azrael
 52192 | Elf:2    | Killed Azrael
 52543 | Elf:2    | Reached skill level 15 in Conjurations
 52613 | Elf:2    | Found a runed translucent gate.
 52614 | Elf:2    | Found a runed translucent gate.
 52614 | Elf:2    | Found a runed translucent gate.
 52834 | Elf:2    | Found Meuloxel's Assorted Antiques.
 52837 | Elf:2    | Found Nivach's Armour Shoppe.
 52839 | Elf:2    | Found Heuruora's Weapon Emporium.
 53081 | Elf:2    | Paralysed by an air elemental for 1 turns
 53663 | Elf:2    | Noticed Zenata
 53960 | Elf:2    | Killed Zenata
 54357 | Elf:2    | Learned a level 8 spell: Maxwell's Capacitive Coupling
 54407 | Elf:3    | Entered Level 3 of the Elven Halls
 54546 | Elf:3    | Found Unasu's Antique Weapon Shoppe.
 54550 | Elf:3    | Found Epiug's Antique Armour Shop.
 54550 | Elf:3    | Found Fijecarch's Armour Boutique.
 54577 | Elf:3    | Bought the +4 robe of Folly {Brill Will-∞ Int+8} for 1424
                  | gold pieces
 54577 | Elf:3    | Found the +4 robe of Folly {Brill Will-∞ Int+8}
 54871 | Elf:3    | Reached skill level 15 in Fire Magic
 54872 | Elf:3    | Gained mutation: You are completely covered in sharp
                  | spines. [demonic ancestry]
 54872 | Elf:3    | Reached XP level 21. HP: 159/159 MP: 32/39
 54907 | Elf:3    | Reached skill level 15 in Spellcasting
 54930 | Elf:3    | Reached skill level 15 in Air Magic
 55279 | Elf:3    | Identified the +2 leather armour of Wasted Space {MP+9
                  | Str-2 Dex+3 Stlth+}
 55493 | Elf:3    | Identified the +7 hand axe "Icviprol" {protect, rN+ Int+3}
 55536 | Elf:3    | Identified the +0 leather armour of Ignis's Condemnation
                  | {rF- rC+++}
 55547 | Elf:3    | Identified the +0 robe "Duecw" {rC+ Will+ Str+2 Int+5}
 55553 | Elf:3    | Identified the staff "Heagap" {rPois rC+ Alchemy}
 55556 | Elf:3    | Identified the +0 rapier of Triumph {heavy, Will+}
 56532 | Depths:1 | Entered Level 1 of the Depths
 57681 | Crypt:1  | Entered Level 1 of the Crypt
 57737 | Crypt:1  | Found a magical portal.
 57748 | WizLab   | Entered Maxwell's Workshop
 58108 | WizLab   | Identified the ring "Pidgheth" {Fire Int+3 Slay+5 Stlth-}
 58110 | WizLab   | Identified the ring "Uzeujim" {Ice rPois}
 58627 | WizLab   | Identified the +5 scale mail "Anus" {Dex+2}
 59094 | WizLab   | Identified the ring "Ughawopp" {Ice Str+5}
 59117 | WizLab   | Identified the +2 pair of boots "Kapudghoa" {Dex+5}
 59455 | Crypt:1  | Gained mutation: You have a pair of large antennae on your
                  | head. (SInv) [demonic ancestry]
 59455 | Crypt:1  | Reached XP level 22. HP: 165/165 MP: 38/42
 60035 | Depths:1 | Gained mutation: You occasionally lose the ability to drink
                  | potions when taking damage. [mutagenic glow]
 60319 | Depths:1 | Noticed Saint Roka
 60327 | D:15     | Gained mutation: You are dopey. (Int -2) [mutagenic glow]
 60450 | D:15     | Lost mutation: You are dopey. (Int -2) [potion of mutation]
 60450 | D:15     | Lost mutation: You occasionally lose the ability to drink
                  | potions when taking damage. [potion of mutation]
 60450 | D:15     | Gained mutation: You occasionally lose the ability to read
                  | scrolls when taking damage. [potion of mutation]
 60451 | D:15     | Lost mutation: You occasionally lose the ability to read
                  | scrolls when taking damage. [potion of mutation]
 60451 | D:15     | Gained mutation: Your flesh is heat resistant. (rF+)
                  | [potion of mutation]
 60451 | D:15     | Gained mutation: Your spells are a little easier to cast,
                  | but a little less powerful. [potion of mutation]
 60451 | D:15     | Gained mutation: Your natural rate of healing is unusually
                  | fast. [potion of mutation]
 60452 | D:15     | Lost mutation: Your spells are a little easier to cast, but
                  | a little less powerful. [potion of mutation]
 60452 | D:15     | Lost mutation: Your flesh is heat resistant. (rF+) [potion
                  | of mutation]
 60452 | D:15     | Lost mutation: Your natural rate of healing is unusually
                  | fast. [potion of mutation]
 60452 | D:15     | Gained mutation: You expend magic power (3 MP) to
                  | strengthen your wands. [potion of mutation]
 60456 | Depths:1 | Killed from afar by Saint Roka

Illustrated notes

Levels and vault maps discovered:
D:1:      dpeg_arrival_fog, layout_loops_corners, dreamdust_mushroom_princess
D:2:      layout_rooms, basic_altar, shapermc_ecumenical_altar_hornbeckon,
          hangedman_decor_points, minmay_misc_feat_ornament,
          minmay_stone_trees_medium
D:3:      layout_basic, mainiacjoe_overflow_alcove_1
D:4:      cheibrodos_barr_body, layout_loops_ring
D:5:      layout_cave_pools, lemuel_temple_firewalk_a,
          minmay_fractal_squares_diagonal_5
D:6:      layout_loops_ring, hangedman_decor_lopped, nicolae_shop_gadgets,
          uniq_duvessa
D:7:      layout_cave_pools, grunt_temple_overflow_open, serial_park,
          serial_park_square1 [serial_park_minivault_5x5_6], serial_park_tiny_1,
          serial_park_tiny_pond, serial_park_square1
          [serial_park_minivault_5x5_1], serial_park_tiny_2,
          serial_park_avenue1, serial_shops, shop
D:8:      layout_loops_ring, nicolae_the_louvre
D:9:      layout_loops_cross, trog_three_pillars_becter,
          erik_lair_orcish_takeover, serial_shops, nicolae_shop_gibbet_a_chance,
          kennysheep_big_empty_room, hangedman_decor_opposing, uniq_gastronok
D:10:     layout_irregular_city, david_orc_3
D:11:     layout_basic
D:12:     cheibrodos_frozen_isle, layout_irregular_city, uniq_nergalle
D:13:     layout_roguey, erik_vaults_2, kennysheep_generic_room_3
D:14:     layout_basic, uniq_jorgrun
D:15:     hangedman_depths_entry_civil_slaughter, layout_irregular_city,
          okawaru_gym_becter, hellmonk_jugg_or_not, uniq_kirke, uniq_louise,
          uniq_rupert
Temple:   minmay_temple_bridge_d
Lair:1:   layout_small_grid, st_stairs_10, serial_bayou_shore_b
Lair:2:   layout_misc_corridors, serial_bayou_pond_d, serial_bayou_shore_a,
          serial_bayou_shore_b, grunt_megastairs_2
Lair:3:   layout_roguey, palyth_hydra_swamp_entry,
          nicolae_spider_entry_non_spiders
Lair:4:   layout_concentric_octagons, slime_entry_1, disabler_island
Lair:5:   hangedman_lair_in_review, layout_loops_ring, guppyfry_lair_end_dragon
Swamp:1:  layout_basic_swamp, nicolae_swamp_bean_lake, swamp_pool_5,
          nicolae_swamp_long_stream
Swamp:2:  layout_basic_swamp, gammafunk_ghost_wrathful_warriors,
          hangedman_swamp_ruin_wall, swamp_pool_1_2, hangedman_swamp_grove,
          uniq_nikola
Swamp:3:  layout_falls_marsh, evilmike_swamp_ruin_rubble_1, swamp_pool_4
Swamp:4:  swamp_icy, layout_basic_swamp, ebering_ghost_reflecting_pool
Spider:1: layout_spider_delve, guppyfry_spider_mini_1,
          hangedman_spider_tarantella_strand, uniq_aizul
Spider:2: layout_chambers, uniq_arachne
Spider:3: layout_chambers, gammafunk_ghost_mausoleum, uniq_roxanne
Spider:4: hellmonk_spider_rune_endless_swarm
Orc:1:    layout_caves
Orc:2:    st_orc_elflike, layout_caves, basic_altar,
          nicolae_volcano_entry_batcave, nicolae_orc_beogh_chapel,
          kennysheep_orc_chapel, uniq_snorg
Elf:1:    layout_geoelf_grid, serial_shops, shop_fountains,
          hangedman_elven_crosses_minicolossus
Elf:2:    nicolae_elf_blades_crystal_corner, layout_gridlike,
          chequers_hall_statues_corner_a, minmay_shop_star, uniq_zenata,
          uniq_azrael
Elf:3:    elf_hall, layout_loops_corners, amethyst_killhole,
          nicolae_wooded_promenade
Vaults:1: nicolae_vaults_diamond_2, nicolae_vaults_network_quinsquares
          [nicolae_vaults_network_quincunx_subvault,
          nicolae_vaults_network_quincunx_subvault,
          nicolae_vaults_network_quincunx_subvault,
          nicolae_vaults_network_quincunx_subvault],
          nicolae_vaults_double_plus_1, hangedman_vaults_pinch,
          nicolae_vaults_double_plus_3, nicolae_vaults_storage_closets_2,
          nicolae_vaults_octothorpe, v_alt_pattern_5, nicolae_vaults_house_2,
          lightli_orcish_oven, nicolae_vaults_layer_cake_slice, v_pattern_4,
          ontoclasm_vaults_gallery, nicolae_vaults_shelves_hall,
          layout_vaults_omnicross, serial_shops, shop
Vaults:2: v_misc_10, minmay_crypt_entry_simple_corners, v_misc_30,
          nicolae_vaults_network_barrier, nicolae_vaults_tetromino_Z_1,
          grunt_vaults_twisty, nicolae_vaults_trapezoid_lopsided_1,
          nicolae_vaults_asterisk, nicolae_vaults_enemy_cabinets,
          layout_vaults_omnigrid, serial_shops, shop
Vaults:3: v_misc_22, nicolae_vaults_storage_room_doors,
          nicolae_vaults_storage_room_water, ontoclasm_vaults_ring_small,
          v_misc_29, nicolae_vaults_twisting_passages, nicolae_vaults_cochlea,
          hangedman_vaults_stream, nicolae_vaults_storage_room_glass,
          nicolae_vaults_variable_pillar_hall, vaults_mumra_hex, v_misc_19,
          serial_library_hellmonk_semicircle, nicolae_vaults_little_squares_1,
          vaults_room_pool, vaults_standard_mumra_lines, layout_vaults_omnibox
Vaults:4: vaults_mumra_hexcomb, grunt_vaults_hallway_short, grunt_vaults_focal,
          nicolae_vaults_trapezoid_3, nicolae_vaults_tetromino_Z_2,
          nicolae_vaults_two_Ls, nicolae_vaults_surprise_closet,
          ontoclasm_vaults_twist, layout_vaults_big_room
Crypt:1:  layout_rooms, infiniplex_enter_wizlab_glasses, nicolae_letterblocks
          [nicolae_letter_subblock, nicolae_letter_subblock,
          nicolae_letter_subblock, nicolae_letter_subblock,
          nicolae_letter_subblock, nicolae_letter_subblock,
          nicolae_letter_subblock, nicolae_letter_subblock,
          nicolae_letter_subblock, nicolae_letter_subblock,
          nicolae_letter_subblock, nicolae_letter_subblock,
          nicolae_letter_subblock, nicolae_letter_subblock,
          nicolae_letter_subblock, nicolae_letter_subblock,
          nicolae_letter_subblock, nicolae_letter_subblock,
          nicolae_letter_subblock, nicolae_letter_subblock,
          nicolae_letter_subblock, nicolae_letter_subblock,
          nicolae_letter_subblock, nicolae_letter_subblock,
          nicolae_letter_subblock], grunt_megastairs_3
Depths:1: layout_big_octagon, enter_ziggurat_c, lemuel_blue_sif_altar,
          pf_hell_entry_tar_spiral, serial_shops, nicolae_inconvenience_store,
          kennysheep_kite_vault, uniq_saint_roka

Skill      XL: |  1  2  3  4  5  6  7  8  9 10 11 12 13 14 15 16 17 18 19 20 21 |
---------------+----------------------------------------------------------------+-----
Spellcasting   | 3 4 5 8 10 12 13 14 16 | 16.1
Alchemy        | 4 5 6 7 8 10 | 10.0
Fire Magic     | 1 2 3 4 5 7 9 10 13 14 15 16 | 16.1
Fighting       | 5 9 10 12 | 12.0
Dodging        | 5 8 10 12 | 12.0
Air Magic      | 3 7 9 11 13 14 16 | 16.1
Conjurations   | 3 8 10 12 13 14 15 16 | 16.7
Armour         | 1 5 7 12 13 | 13.3
Stealth        | |  1.7

Action                     |  1- 3 |  4- 6 |  7- 9 | 10-12 | 13-15 | 16-18 | 19-21 | 22-24 || total
---------------------------+-------+-------+-------+-------+-------+-------+-------+-------++-------
  Melee: Unarmed           |    10 |       |       |       |       |       |     1 |       ||    11
         Staff             |       |     8 |       |       |    30 |   102 |     9 |       ||   149
         Dagger            |       |     1 |    71 |    60 |       |       |       |       ||   132
         Halberd           |       |       |       |    13 |    59 |       |       |       ||    72
   Cast: Sting             |    76 |    85 |    24 |     2 |       |       |       |       ||   187
         Olgreb's Toxic Ra |       |    10 |    43 |   113 |   197 |   144 |     4 |       ||   511
         Sticky Flame      |       |       |     7 |    96 |   213 |    97 |       |       ||   413
         Freezing Cloud    |       |       |       |       |    89 |    55 |    14 |       ||   158
         Plasma Beam       |       |       |       |       |    21 |   329 |   511 |    14 ||   875
         Orb of Destructio |       |       |       |       |       |     7 |   121 |       ||   128
         Fire Storm        |       |       |       |       |       |       |       |     4 ||     4
         Chain Lightning   |       |       |       |       |       |       |       |     2 ||     2
    Use: Scroll            |       |       |     5 |    18 |    15 |    11 |    13 |     3 ||    65
         Potion            |       |       |     1 |     1 |     4 |    11 |     5 |     5 ||    27
 Armour: Robe              |    25 |       |       |       |       |       |    78 |    25 ||   128
         Leather armour    |       |    25 |    75 |   166 |   196 |       |       |       ||   462
         Pearl dragon scal |       |       |       |       |   185 |   551 |   155 |       ||   891
  Dodge: Dodged            |    31 |    29 |    41 |   139 |   369 |   387 |   159 |    20 ||  1175
         Repelled          |       |       |     2 |     3 |       |       |       |       ||     5

Table legend: (Time is in decaauts)
 A = Elapsed time spent in this place.
 B = Non-inter-level travel time spent in this place.
 C = Inter-level travel time spent in this place.
 D = Time resting spent in this place.
 E = Time spent auto-exploring this place.
 F = Levels seen in this place.
 G = Mean time per level.
                   A        B        C        D        E       F      G
               +--------+--------+--------+--------+--------+-----+--------+
         Total |  60990 |  56488 |   4502 |    193 |  48001 |  41 | 1487.6 |
       Dungeon |  20856 |  18788 |   2068 |      0 |  16460 |  15 | 1390.4 |
        Temple |    138 |      2 |    136 |      0 |      0 |   1 |  138.0 |
          Lair |   9508 |   8819 |    689 |    133 |   7508 |   5 | 1901.6 |
         Swamp |   4356 |   4151 |    205 |      0 |   3582 |   4 | 1089.0 |
   Spider Nest |   8481 |   8272 |    209 |     60 |   6882 |   4 | 2120.2 |
  Orcish Mines |   2787 |   2670 |    117 |      0 |   2309 |   2 | 1393.5 |
   Elven Halls |   5564 |   5207 |    357 |      0 |   4302 |   3 | 1854.7 |
        Vaults |   7266 |   6595 |    671 |      0 |   5500 |   4 | 1816.5 |
         Crypt |    547 |    501 |     46 |      0 |    300 |   1 |  547.0 |
        Depths |     38 |     38 |      0 |      0 |      0 |   1 |   38.0 |
        Wizlab |   1443 |   1443 |      0 |      0 |   1156 |   1 | 1443.0 |
               +--------+--------+--------+--------+--------+-----+--------+

Top non-repeatable levels by time:
  Lair:5: 3029 daAuts
    D:15: 2999 daAuts
Spider:3: 2578 daAuts
Spider:4: 2534 daAuts
Vaults:1: 2330 daAuts
   Elf:2: 2130 daAuts
Vaults:3: 2110 daAuts
  Lair:1: 1885 daAuts
Spider:2: 1846 daAuts
  Lair:2: 1825 daAuts
   Orc:2: 1824 daAuts
   Elf:3: 1810 daAuts
    D:11: 1699 daAuts
    D:12: 1689 daAuts
Vaults:2: 1673 daAuts
